 Dungeon Crawl Stone Soup version 0.14-a0-1974-gdb6e453 (webtiles) character file.

176 MirrMurr the Sneak (level 3, -2/16 HPs)
             Began as a Spriggan Enchanter on Jan 17, 2014.
             Slain by a phantom (4 damage)
             ... on Level 3 of the Dungeon.
             The game lasted 00:06:02 (1919 turns).

MirrMurr the Sneak (Spriggan Enchanter)             Turns: 1919, Time: 00:06:03

HP  -2/16        AC  3     Str  5      XL: 3   Next: 69%
MP   1/9         EV 18     Int 16      God:
Gold 120         SH  0     Dex 16      Spells:  3 memorised,  1 level left

rFire  . . .     SeeInvis +     a - +1,+3 dagger
rCold  . . .     Clarity  .     b - +1 robe
rNeg   . . .     Conserve .     (shield restricted)
rPois  .         rCorr    .     (helmet restricted)
rElec  .         rRot     .     (no cloak)
SustAb . .       Spirit   .     (gloves unavailable)
rMut   .         Warding  .     (boots unavailable)
Saprov . . .     Stasis   .     (no amulet)
MR     .....                    (no ring)
                                m - ring of flight

@: very quick, not resistant to hostile enchantments, quite stealthy
A: unfitting armour, see invisible, herbivore 3, speed 3, slow metabolism 2
a: Evoke Flight


You were on level 3 of the Dungeon.
You were not hungry.

You visited 1 branch of the dungeon, and saw 3 of its levels.

You collected 120 gold pieces.

Inventory:

Hand weapons
 a - a +1,+3 dagger (weapon)
 r - a +1,+0 dagger of venom
Missiles
 d - 10 darts (quivered)
Armour
 b - a +1 robe (worn)
Comestibles
 j - 3 bread rations
 q - an apple
 s - a pear
Scrolls
 f - a scroll of identify {unknown}
 g - a scroll of curse jewellery {unknown}
 h - a scroll of blinking {unknown}
 i - 3 scrolls of magic mapping
 k - a scroll of teleportation
 l - a scroll of remove curse {unknown}
Jewellery
 m - a ring of flight (left hand)
 t - a +3 ring of evasion {unknown}
Potions
 e - a potion of porridge
 n - a potion of speed {unknown}
 o - a potion of restore abilities {unknown}
 p - a potion of invisibility {unknown}
Books
 c - a book of Maledictions

   Spells                             Type                      Level
   *Corona                            Hexes                        1
   Sure Blade                         Hexes/Charms                 2
   *Ensorcelled Hibernation           Hexes/Ice                    2
   *Confuse                           Hexes                        3
   Enslavement                        Hexes                        4
   Invisibility                       Hexes                        6


   Skills:
 + Level 1.8 Short Blades
 - Level 1.1 Throwing
 - Level 3.0 Dodging
 + Level 6.0 Stealth
 - Level 2.6 Spellcasting
 - Level 3.6 Hexes


You had one spell level left.
You knew the following spells:

 Your Spells              Type           Power        Failure   Level  Hunger
a - Ensorcelled Hibernat  Hex/Ice        #.....       17%         2    ##.....
b - Confuse               Hex            ##......     14%         3    ###....
Z - Corona                Hex            ##.....      6%          1    #......


Dungeon Overview and Level Annotations

Branches:
Dungeon (3/16)

Altars:


Innate Abilities, Weirdness & Mutations

You are tiny and cannot use many weapons and most armour.
You have supernaturally acute eyesight.
You are a herbivore.
You cover ground extremely quickly.
You need consume almost no food.


Message History

Aiming: Ensorcelled Hibernation
Press: ? - help, Shift-Dir - straight line, f/p - phantom
Aim: a phantom (severely damaged)
The phantom is unaffected.
Casting: Ensorcelled Hibernation
Confirm with . or Enter, or press ? or * to list all spells.
Aiming: Confuse
Press: ? - help, Shift-Dir - straight line, f/p - phantom
Aim: a phantom (severely damaged)
The phantom appears confused.
The phantom hits you!
Ouch! That really hurt!
* * * LOW HITPOINT WARNING * * *
You are too injured to fight recklessly!
You are too injured to fight recklessly!
You hit the phantom but do no damage.
The phantom is severely damaged.
You completely miss the phantom.
The phantom is severely damaged.
The phantom hits you.
You die...

#.## ..... ###.######
...... #........#
......# #........#
......# #........#
......# #........#
#####......# #........#
#...'......#
#........###.###......#
#........@p..# ......#
#........##### ......#
########## #######


You could see a phantom (confused).

Vanquished Creatures
  An adder (D:3)
  2 giant geckos
  2 ball pythons
  A giant cockroach (D:2)
  7 hobgoblins
  3 jackals (D:1)
  2 bats
  4 giant newts
  6 goblins
  6 kobolds
  8 rats
42 creatures vanquished.

Notes
Turn   | Place    | Note
--------------------------------------------------------------
     0 | D:1      | MirrMurr, the Spriggan Enchanter, began the quest for the Orb.
     0 | D:1      | Reached XP level 1. HP: 9/9 MP: 4/4
   143 | D:1      | Reached skill level 4 in Stealth
   392 | D:1      | Reached XP level 2. HP: 11/13 MP: 7/7
   396 | D:1      | Learned a level 2 spell: Ensorcelled Hibernation
  1019 | D:1      | Reached skill level 5 in Stealth
  1185 | D:2      | Reached XP level 3. HP: 12/16 MP: 9/9
  1196 | D:2      | Learned a level 3 spell: Confuse
  1878 | D:3      | Reached skill level 6 in Stealth
  1906 | D:3      | Noticed a phantom
  1919 | D:3      | Slain by a phantom

Action                   || total
-------------------------++-------
Melee: Dagger            ||   171
Throw: Dart              ||    10
 Cast: Corona            ||     2
       Confuse           ||     2
       Ensorcelled Hiber ||     1
  Use: Scroll            ||     6
 Stab: Sleeping          ||    12
